Map: Cactus Valley LE

Players

Kantuva - Winner!

  • Race: Zerg Zerg
  • Spawn Location: 11:00

Kosa

  • Race: Zerg Zerg
  • Spawn Location: 7:00

VOD

Have the link to the VOD?

Description

Time

  • Played on: April 1, 2015, 1:25 a.m.
  • Length: 5:46
Show
View Real Time Build Order
Export as new Build Order

Kantuva Zerg - Winner!

Build Orders: Pool First 

Get SALT Encoding   

  12  0:01  Drone  
  13  0:13  Overlord  
  13  0:18  Drone  
  14  0:31  Drone  
  14  0:32  Drone  
  16  0:39  Extractor  
  15  0:45  Spawning Pool  
  15  0:48  Drone  
  15  0:53  Drone  
  16  1:18  Hatchery  
  15  1:31  Queen  
  17  1:34  Zergling x2  
  18  1:44  Drone  
  18  1:45  Drone  
  20  1:50  Overlord  
  20  1:58  Metabolic Boost  
  20  2:09  Queen  
  22  2:20  Baneling Nest  
  21  2:23  Zergling x4  
  23  2:41  Zergling x4  
  23  2:42  Zergling x6  
  28  2:54  Zergling x4  
  28  2:55  Zergling x2  
  31  3:06  Baneling  
  31  3:07  Baneling x4  
  31  3:14  Drone x2  
  31  3:15  Drone  
  34  3:28  Drone x2  
  34  3:31  Baneling x2  
  36  3:37  Overlord  
  30  3:55  Drone x2  
  30  3:56  Drone x5  
  36  4:22  Zergling x18  
  42  4:40  Lair  
  42  4:41  Drone x2  
  42  4:42  Extractor  
  42  4:44  Drone  
  44  4:48  Overlord x2  
  44  4:53  Extractor  
  44  4:54  Extractor  
  42  5:00  Drone x2  
  42  5:02  Baneling x4  
  42  5:03  Baneling  
  44  5:13  Drone x3  
  47  5:19  Drone x3  
  47  5:20  Drone x3  
Show
View Real Time Build Order
Export as new Build Order

Kosa Zerg 

Build Orders: Pool First 

Get SALT Encoding   

  12  0:22  Spawning Pool  
  12  0:25  Extractor  
  12  0:27  Drone  
  11  0:28  Drone  
  11  0:34  Drone  
  13  0:45  Drone  
  14  0:51  Overlord  
  14  1:11  Drone x2  
  16  1:21  Queen  
  18  1:28  Metabolic Boost  
  18  1:32  Drone x2  
  20  1:43  Drone  
  21  1:55  Overlord  
  21  2:18  Zergling x4  
  21  2:19  Hatchery  
  22  2:28  Queen  
  23  2:39  Zergling x10  
  28  2:49  Zergling x2  
  29  2:59  Zergling x2  
  30  3:06  Overlord  
  30  3:17  Overlord x2  
  30  3:25  Zergling x2  
  31  3:32  Zergling x4  
  32  3:35  Spine Crawler  
  32  3:37  Spine Crawler  
  32  3:39  Zergling x2  
  29  3:45  Zergling x2  
  28  3:52  Zergling x2  
  28  3:53  Zergling x6  
  30  3:59  Drone  
  32  4:03  Queen  
  32  4:06  Zergling x2  
  32  4:07  Zergling x2  
  33  4:24  Drone  
  33  4:25  Drone  
  35  4:35  Drone  
  35  4:36  Drone  
  29  4:42  Drone  
  30  4:46  Drone  
  30  4:50  Drone x3  
  30  4:51  Drone x2  
  35  4:56  Roach Warren  
  32  5:07  Spine Crawler  
  32  5:09  Spine Crawler  
  32  5:10  Drone  
Tags
 
Add a new tag
Caveats
  • Supply blocks, unpowered buildings, or Contaminate may cause inaccurate times.
  • Supply counts are checked every 10 seconds.